 Dungeon Sprint DCSS version 0.31-a0-152-g6aa68a64a1 (webtiles) character file.

Game seed: 1524692841506829547

12070 Conn the Thaumaturge (level 11, -2/84 HPs)
             Began as an Octopode Fire Elementalist on June 11, 2023.
             Was an Elder of Sif Muna.
             Killed from afar by a frost giant (3 damage)
             ... with a bolt of cold
             ... in the Dungeon (Sprint II: "The Violet Keep of Menkaure").
             The game lasted 00:51:12 (1116 turns).

Conn the Thaumaturge (Octopode Fire Elementalist)   Turns: 1116, Time: 00:51:13

Health: -2/84      AC: 29    Str:  7    XL:     11   Next: 87%
Magic:  6/29       EV: 15    Int: 22    God:    Sif Muna [****..]
Gold:   182        SH:  5    Dex: 13    Spells: 1/39 levels left

rFire   . . .        b - +12 scimitar "Zisam" {drain, rPois rC+}
rCold   + + +        (no shield)
rNeg    + . .        (helmet restricted)
rPois   ∞            f - amulet of reflection
rElec   +            n - ring of ice
rCorr   +            (no ring)
SInv    .            (no ring)
Will    .....        (no ring)
Stlth   ++++         (no ring)
HPRegen 0.00/turn    (no ring)
MPRegen 0.21/turn    (no ring)
                     (no ring)

%: no teleportation, reflection
@: statue-form, resistant, very slightly contaminated, inhibited regen, hasted
A: slow and powerful, torment resistance 1, boosted hp, almost no armour,
amphibious, 8 rings, camouflage 1, (gelatinous body 1), (nimble swimmer 1),
tentacles, screaming 1, inhibited regeneration, no potion heal 1
a: End Transformation, Renounce Religion, Channel Magic, Forget Spell, Divine
Exegesis


You were in the Dungeon.
You worshipped Sif Muna.
Sif Muna was greatly pleased with you.
You were a living statue of rough stone.
You visited 1 branch You collected 1202 gold pieces.
You spent 1020 gold pieces at shops.

Inventory:

Hand Weapons
 b - the +12 scimitar "Zisam" (weapon) {drain, rPois rC+}
   (You bought it in a shop in the Dungeon)

   rC:        It protects you from cold.
   rPois:     It protects you from poison.
 c - the +6 whip of the Crushed Princes {freeze, Str+3}
   (You bought it in a shop in the Dungeon)

   Str:       It affects your strength (+3).
Magical Staves
 a - a staff of conjuration
Jewellery
 f - an amulet of reflection (around mantle)
 n - a ring of ice (left tentacle)
Scrolls
 e - a scroll of poison
 j - a scroll of enchant armour
 r - a scroll of identify
Potions
 g - a potion of brilliance
 l - 2 potions of attraction
 m - 5 potions of enlightenment
 p - a potion of mutation


   Skills:
 + Level 2.4 Fighting
 + Level 3.4 Staves
 + Level 2.0 Throwing
 + Level 7.4 Dodging
 - Level 6.9 Stealth
 + Level 1.1 Shields
 + Level 14.5 Spellcasting
 * Level 12.4 Conjurations
 - Level 3.0 Hexes
 * Level 5.9 Summonings
 * Level 8.4 Translocations
 - Level 3.0 Transmutations
 - Level 11.4 Fire Magic
 * Level 3.8 Ice Magic
 + Level 1.0 Earth Magic
 * Level 12.1 Invocations


You had one spell level left.
You knew the following spells:

 Your Spells              Type           Power      Damage    Failure   Level
a - Foxfire               Conj/Fire      100%       2x1d9     1%          1
b - Scorch                Fire           100%       2d9       1%          2
c - Inner Flame           Hex/Fire       47%        N/A       1%          3
d - Flame Wave            Conj/Fire      62%        2d14      1%          4
e - Iskenderun's Mystic   Conj/Tloc      58%        2d12      1%          4
f - Fulminant Prism       Conj/Hex       25%        3d13      1%          4
g - Iskenderun's Battles  Conj           63%        2d11      1%          5
h - Irradiate             Conj/Tmut      25%        3d20      4%          5
i - Summon Forest         Summ/Tloc      23%        N/A       5%          5
j - Metabolic Englaciati  Hex/Ice        23%        N/A       26%         5

Your spell library contained the following spells:

 Spells                   Type           Power      Damage    Failure   Level
 Slow                     Hex            100%       N/A       1%          1
 Volatile Blastmotes      Fire/Tloc      100%       2d18      1%          3
 Tukima's Dance           Hex            29%        N/A       3%          3
 Summon Mana Viper        Hex/Summ       35%        N/A       17%         5
 Blade Hands              Tmut           14%        N/A       30%         5
 Yara's Violent Unravell  Hex/Tmut       14%        3d7       30%         5
 Lee's Rapid Deconstruct  Erth           10%        3d8*      56%         5
 Agony                    Necr           16%        N/A       71%         5
 Statue Form              Tmut/Erth      16%        N/A       95%         6
 Enfeeble                 Hex            14%        N/A       100%        7


Dungeon Overview and Level Annotations

Branches:
Dungeon (1/1)

Altars:
Cheibriados
Dithmenos
Elyvilon
Fedhas
Gozag
Hepliaklqana
Kikubaaqudgha
Makhleb
Nemelex Xobeh
Okawaru
Qazlal
Ru
Sif Muna
Trog
Uskayaw
Vehumet
Wu Jian
Xom
Yredelemnul
Zin
The Shining One
Jiyva
Lugonu

Shops:
D (:==!?(!([*:![?

Annotations:
D exclusions: ice statue and oklob plant


Innate Abilities, Weirdness & Mutations

You are a living statue of rough stone.
Your actions are slow, but your melee attacks are powerful.
You are resistant to unholy torment.
Your maximum health is greatly increased.
You are immune to poison.
You cannot wear most types of armour.
You are amphibious.
You can wear up to eight rings at the same time.
Your skin changes colour to match your surroundings (Stealth+).
((Your rubbery body absorbs attacks. (AC +1, EV +1)))
((You are camouflaged when in or above water. (Stealth+)))
You have tentacles for arms and can constrict up to eight enemies at once.
You occasionally shout uncontrollably at your foes.
You do not regenerate when monsters are visible.
Potions are less effective at restoring your health.


Message History

The bolt of cold hits you. You resist.
* * * LOW HITPOINT WARNING * * *
Your magical contamination has completely faded away.
Cast which spell? (? or * to list)
Okay, then.
Okay, then.
Unknown command.
Okay, then.
Cast which spell? (? or * to list) Flames lash the frost giant.
The frost giant is heavily wounded.
The frost giant's fire resistance burns away.
The frost giant gestures at you while chanting.
The bolt of cold hits you! You resist.
* * * LOW HITPOINT WARNING * * *
Casting: Scorch (safe; 1% risk of failure)
Confirm with . or Enter, or press ? or * to list all spells.
Okay, then.
Okay, then.
Okay, then.
Casting: Scorch (safe; 1% risk of failure)
Confirm with . or Enter, or press ? or * to list all spells.
Okay, then.
Okay, then.
Okay, then.
Casting: Scorch (safe; 1% risk of failure)
Confirm with . or Enter, or press ? or * to list all spells.
You conjure a globe of magical energy.
Casting: Iskenderun's Battlesphere (dangerous; 1% risk of failure)
Confirm with . or Enter, or press ? or * to list all spells.
You erupt in a fountain of uncontrolled magic!
The frost giant is blasted with magical radiation!!!
The frost giant is almost dead.
You are very lightly contaminated with residual magic.
Your battlesphere fires!
The barrage of energy hits the frost giant.
The frost giant is almost dead.
The frost giant gestures at you while chanting.
The bolt of cold hits you. You resist.
You die...

###########
#$..*..'..#
#8C(...#††####
#+######'##bb####+
#bb'b##§S○°
#)b###≈○○○§
####D.+≈○≈≈≈§
#...####§°○S§
e2DD....§§##≈§○§
############§~#'°'#
###########~~~...°)


You could see a frost giant (combustible, ally target) and a friendly
battlesphere.

Vanquished Creatures
  A golden dragon (D)
  Kirke (D)
  A storm dragon (D)
  A cacodemon (D)
  A yaktaur captain (D)
  A centaur warrior (D)
  2 hell hogs (D)
  A skeletal warrior (D)
  3 manticores (D)
  3 shining eyes (D)
  An elephant (D)
  A kobold demonologist (D)
  A yaktaur (D)
  4 polar bears (D)
  A hornet (D)
  Menkaure (D)
  5 water moccasins (D)
  2 swamp drakes (D)
  5 necrophages (D)
  4 scorpions (D)
  An iron imp (D)
  A hell rat (D)
  3 worms (D)
  A spectral bat (D)
  A spectral jackal (D)
  A foxfire (D)
48 creatures vanquished.

Vanquished Creatures (others)
  19 foxfires (D)
  3 fulminant prisms (D)
  4 tentacles (D)
26 creatures vanquished.

Grand Total: 74 creatures vanquished

Notes
Turn   | Place    | Note
-------+----------+-------------------------------------------
     0 | D        | Conn the Octopode Fire Elementalist began the quest for the
                  | Orb.
     0 | D        | Reached XP level 1. HP: 11/11 MP: 3/3
     1 | D        | Noticed a scorpion
     1 | D        | Noticed a scorpion
     1 | D        | Noticed a scorpion
     1 | D        | Noticed a scorpion
     5 | D        | Killed a scorpion
     6 | D        | Reached skill level 3 in Spellcasting
     6 | D        | Reached XP level 2. HP: 17/17 MP: 3/6
     6 | D        | Reached XP level 3. HP: 21/21 MP: 4/8
     7 | D        | Killed a scorpion
     8 | D        | Reached skill level 4 in Spellcasting
     8 | D        | Reached XP level 4. HP: 27/27 MP: 5/10
    10 | D        | Killed a scorpion
    11 | D        | Reached skill level 5 in Stealth
    11 | D        | Reached XP level 5. HP: 31/31 MP: 6/12
    15 | D        | Reached skill level 5 in Spellcasting
    15 | D        | Reached XP level 6. HP: 36/36 MP: 6/13
    23 | D        | Learned a level 2 spell: Scorch
    27 | D        | Learned a level 3 spell: Inner Flame
    32 | D        | Learned a level 4 spell: Flame Wave
    33 | D        | Noticed Menkaure
    38 | D        | Killed Menkaure
    39 | D        | Reached skill level 5 in Dodging
    39 | D        | Reached skill level 10 in Fire Magic
    45 | D        | Noticed a water moccasin
    54 | D        | Killed a water moccasin
    55 | D        | Reached skill level 6 in Spellcasting
    62 | D        | Found Piatiom's Antique Armour Shoppe.
    62 | D        | Found Viotwaum's Magic Scroll Emporium.
    63 | D        | Found Binkox Adyh's Book Emporium.
    63 | D        | Found Jyfumy's Distillery.
    64 | D        | Found Cuh Cuvi's Antique Armour Shoppe.
    64 | D        | Found Memmus's General Store.
    65 | D        | Found Xofor's Antique Weapon Shoppe.
    66 | D        | Found Jaid Mowk's Distillery.
    66 | D        | Found Hutebb's Antique Weapon Emporium.
    67 | D        | Found Weypsya's Magic Scroll Shoppe.
    67 | D        | Found Mece's Distillery.
    67 | D        | Noticed a wyvern
    67 | D        | Noticed a wyvern
    71 | D        | Found Sual Ront's Jewellery Shoppe.
    71 | D        | Found Valuim's Jewellery Emporium.
    71 | D        | Noticed an oklob plant
    72 | D        | Found Pyonkal's Antique Weapon Shoppe.
    72 | D        | Found Bolall's Book Shoppe.
    73 | D        | Noticed a fire dragon
    74 | D        | Noticed a wyvern
    79 | D        | Noticed a water moccasin
    80 | D        | Noticed a water moccasin
    83 | D        | Noticed a water moccasin
    94 | D        | Bought a dazzling whip for 112 gold pieces
    94 | D        | Identified the +6 whip of the Crushed Princes {freeze,
                  | Str+3} (You bought it in a shop in the Dungeon)
    97 | D        | Bought a scroll of fear for 52 gold pieces
   103 | D        | Bought a potion of heal wounds for 50 gold pieces
   118 | D        | Reached XP level 7. HP: 41/41 MP: 5/16
   127 | D        | Noticed an ice statue
   136 | D        | Found an iron altar of Okawaru.
   136 | D        | Found an opulent altar of Gozag.
   137 | D        | Found a sparkling altar of Nemelex Xobeh.
   137 | D        | Found a blossoming altar of Fedhas.
   138 | D        | Found a radiant altar of Vehumet.
   138 | D        | Found a burning altar of Makhleb.
   138 | D        | Found a white marble altar of Elyvilon.
   139 | D        | Found a hide-covered altar of Uskayaw.
   139 | D        | Found a corrupted altar of Lugonu.
   139 | D        | Found a shadowy altar of Dithmenos.
   140 | D        | Found a glowing silver altar of Zin.
   140 | D        | Found a bloodstained altar of Trog.
   140 | D        | Found an ancient bone altar of Kikubaaqudgha.
   141 | D        | Found a basalt altar of Yredelemnul.
   141 | D        | Found a shimmering blue altar of Sif Muna.
   141 | D        | Found a viscous altar of Jiyva.
   142 | D        | Found a shimmering altar of Xom.
   142 | D        | Found a sacrificial altar of Ru.
   147 | D        | Found a glowing golden altar of the Shining One.
   147 | D        | Found an ornate altar of the Wu Jian Council.
   147 | D        | Found a stormy altar of Qazlal.
   147 | D        | Found a snail-covered altar of Cheibriados.
   147 | D        | Found a hazy altar of Hepliaklqana.
   154 | D        | Became a worshipper of Sif Muna the Loreminder
   168 | D        | Noticed a kraken
   322 | D        | Learned a level 4 spell: Iskenderun's Mystic Blast
   327 | D        | Learned a level 4 spell: Fulminant Prism
   342 | D        | Noticed a yaktaur
   342 | D        | Noticed a hornet
   342 | D        | Noticed a polar bear
   343 | D        | Noticed a polar bear
   352 | D        | Killed a polar bear
   353 | D        | Reached skill level 7 in Spellcasting
   353 | D        | Reached skill level 1 in Hexes
   361 | D        | Killed a yaktaur
   362 | D        | Reached skill level 8 in Spellcasting
   362 | D        | Reached skill level 5 in Conjurations
   362 | D        | Reached skill level 5 in Invocations
   362 | D        | Reached XP level 8. HP: 22/46 MP: 15/20
   370 | D        | Reached * piety under Sif Muna
   379 | D        | Killed a polar bear
   380 | D        | Reached skill level 1 in Throwing
   380 | D        | Reached skill level 9 in Spellcasting
   383 | D        | Killed a hornet
   383 | D        | Reached ** piety under Sif Muna
   384 | D        | Reached XP level 9. HP: 15/51 MP: 0/22
   395 | D        | Reached skill level 10 in Spellcasting
   395 | D        | Reached skill level 1 in Translocations
   495 | D        | Reached *** piety under Sif Muna
   497 | D        | Noticed a yaktaur captain
   498 | D        | Noticed Kirke
   499 | D        | Noticed a centaur warrior
   511 | D        | Killed a centaur warrior
   511 | D        | Reached **** piety under Sif Muna
   512 | D        | Reached skill level 11 in Spellcasting
   516 | D        | Killed Kirke
   517 | D        | Killed a yaktaur captain
   518 | D        | Reached skill level 1 in Fighting
   518 | D        | Reached skill level 12 in Spellcasting
   518 | D        | Reached skill level 5 in Translocations
   518 | D        | Reached XP level 10. HP: 53/58 MP: 8/26
   519 | D        | Noticed a skeletal warrior
   524 | D        | Noticed an elephant
   529 | D        | Killed an elephant
   529 | D        | Killed a skeletal warrior
   529 | D        | Reached ***** piety under Sif Muna
   530 | D        | Reached skill level 10 in Invocations
   693 | D        | Received a gift from Sif Muna
   696 | D        | Got Sif Muna's Spellcraft, Part Five {god gift}
   697 | D        | Noticed a kobold demonologist
   703 | D        | Learned a level 5 spell: Iskenderun's Battlesphere
   707 | D        | Killed a kobold demonologist
   718 | D        | Learned a level 5 spell: Irradiate
   735 | D        | Bought a polished scimitar for 135 gold pieces
   735 | D        | Identified the +12 scimitar "Zisam" {drain, rPois rC+} (You
                  | bought it in a shop in the Dungeon)
   743 | D        | Bought a scroll of blinking for 97 gold pieces
   744 | D        | Bought an amulet of reflection for 360 gold pieces
   750 | D        | Bought a potion of heal wounds for 50 gold pieces
   750 | D        | Bought a potion of heal wounds for 50 gold pieces
   755 | D        | Bought a potion of curing for 36 gold pieces
   759 | D        | Bought a scroll of butterflies for 52 gold pieces
   759 | D        | Bought a scroll of identify for 26 gold pieces
   785 | D        | Reached skill level 13 in Spellcasting
   801 | D        | Reached skill level 1 in Transmutations
   812 | D        | Learned a level 5 spell: Summon Forest
   812 | D        | Noticed a shining eye
   813 | D        | Noticed a shining eye
   815 | D        | Killed a shining eye
   815 | D        | Noticed a shining eye
   816 | D        | Reached skill level 10 in Conjurations
   816 | D        | Reached skill level 1 in Summonings
   816 | D        | Gained mutation: Potions are less effective at restoring
                  | your health. [a shining eye]
   819 | D        | Gained mutation: You occasionally shout uncontrollably at
                  | your foes. [a shining eye]
   820 | D        | Killed a shining eye
   821 | D        | Reached skill level 1 in Staves
   821 | D        | Killed a shining eye
   950 | D        | Noticed a hell hog
   950 | D        | Noticed a manticore
   950 | D        | Noticed a manticore
   950 | D        | Noticed a manticore
   954 | D        | Killed a manticore
   954 | D        | Received a gift from Sif Muna
   955 | D        | Reached XP level 11. HP: 64/64 MP: 17/28
   957 | D        | Killed a hell hog
   958 | D        | Killed a manticore
   958 | D        | Noticed a hell hog
   965 | D        | Killed a hell hog
   967 | D        | Killed a manticore
   968 | D        | Reached skill level 14 in Spellcasting
   968 | D        | Got Xiteaj's Excursus on Ill-starred Transition {god gift}
  1077 | D        | Learned a level 5 spell: Metabolic Englaciation
  1079 | D        | Noticed a cacodemon
  1079 | D        | Noticed a golden dragon
  1079 | D        | Noticed a storm dragon
  1079 | D        | Noticed a deep elf high priest
  1097 | D        | Killed a storm dragon
  1098 | D        | Reached skill level 1 in Ice Magic
  1098 | D        | Noticed a frost giant
  1105 | D        | Gained mutation: You do not regenerate when monsters are
                  | visible. [a cacodemon]
  1108 | D        | Killed a golden dragon
  1108 | D        | Received a gift from Sif Muna
  1109 | D        | Reached skill level 1 in Shields
  1109 | D        | Reached skill level 5 in Summonings
  1111 | D        | Killed a cacodemon
  1112 | D        | Reached skill level 1 in Earth Magic
  1114 | D        | HP: 1/84 [frost giant/bolt of cold (9)]
  1116 | D        | Killed from afar by a frost giant

Illustrated notes

Levels and vault maps discovered:
D:        the_violet_keep_of_menkaure [sprint2_stairs_cluster_1,
          sprint2_shoproom, sprint2_temple, sprint2_basic_supplies,
          sprint2_obstacle_2, sprint2_obstacle_4, sprint2_obstacle_5,
          sprint2_obstacle_3, sprint2_obstacle_1, sprint2_timed_cluster_1,
          sprint2_smallroom_cluster_1, sprint2_smallroom_final_cluster_1,
          sprint2_transparent_cluster_1, sprint2_second_timed_cluster_1,
          sprint2_sniper_area_1, sprint2_heavy_combat_area_1,
          sprint2_mutation_trap_area_1, sprint2_forest_area_1,
          sprint2_light_combat_area_1, sprint2_behind_water_1,
          sprint2_near_end_vault_1]

Skill      XL: |  1  2  3  4  5  6  7  8  9 10 11 |
---------------+----------------------------------+-----
Dodging        | 3 4 5 6 7 |  7.4
Stealth        | 4 5 6 |  6.9
Spellcasting   | 3 4 5 6 8 9 12 13 14 | 14.5
Fire Magic     | 6 7 8 9 11 | 11.4
Conjurations   | 2 5 6 8 10 12 | 12.4
Hexes          | 1 2 3 |  3.0
Invocations    | 5 7 9 10 12 | 12.1
Throwing       | 1 2 |  2.0
Translocations | 5 6 8 |  8.4
Fighting       | 1 2 |  2.4
Transmutations | 3 |  3.0
Summonings     | 2 5 |  5.9
Staves         | 1 3 |  3.4
Ice Magic      | 3 |  3.8
Shields        | 1 |  1.1
Earth Magic    | 1 |  1.0

Action                     |  1- 3 |  4- 6 |  7- 9 | 10-12 || total
---------------------------+-------+-------+-------+-------++-------
  Melee: Unarmed           |     4 |    11 |       |       ||    15
         Constrict         |     2 |     3 |       |     4 ||     9
         Tentacles         |     1 |     3 |       |     6 ||    10
         Staff             |       |       |       |    12 ||    12
  Throw: Dart              |       |       |     2 |       ||     2
   Cast: Foxfire           |       |     6 |     9 |     3 ||    18
         Scorch            |       |     4 |     8 |     8 ||    20
         Inner Flame       |       |       |     6 |     2 ||     8
         Flame Wave        |       |       |     5 |     5 ||    10
         Iskenderun's Myst |       |       |     2 |    18 ||    20
         Fulminant Prism   |       |       |     1 |     2 ||     3
         Irradiate         |       |       |       |     4 ||     4
         Iskenderun's Batt |       |       |       |     3 ||     3
         Statue Form       |       |       |       |     1 ||     1
         Lee's Rapid Decon |       |       |       |     1 ||     1
 Invoke: Channel Magic     |       |       |       |     1 ||     1
         Divine Exegesis   |       |       |       |     2 ||     2
    Use: Potion            |     2 |     1 |    14 |     8 ||    25
         Scroll            |       |       |    10 |     3 ||    13
   Stab: Sleeping          |       |       |       |     1 ||     1
 Armour: Skin              |       |       |       |     7 ||     7
  Dodge: Dodged            |     2 |     3 |    13 |    16 ||    34
  Block: Other             |       |       |       |     7 ||     7

Table legend: (Time is in decaauts)
 A = Elapsed time spent in this place.
 B = Non-inter-level travel time spent in this place.
 C = Inter-level travel time spent in this place.
 D = Time resting spent in this place.
 E = Time spent auto-exploring this place.
 F = Levels seen in this place.
 G = Mean time per level.
                   A        B        C        D        E       F      G
               +--------+--------+--------+--------+--------+-----+--------+
         Total |   1098 |   1098 |      0 |    441 |      0 |   1 | 1098.0 |
       Dungeon |   1098 |   1098 |      0 |    441 |      0 |   1 | 1098.0 |
               +--------+--------+--------+--------+--------+-----+--------+

Top non-repeatable levels by time:
       D: 1098 daAuts
